 Dungeon Crawl Stone Soup version 0.25.1-2-g60ff931df9 (webtiles) character file.

Game seed: 2272652846233511365

2758 hawla the Tainter (level 9, -10/62 HPs)
             Began as a Green Draconian Venom Mage on Nov 12, 2020.
             Was an Initiate of Vehumet.
             Hit by a stone thrown by an orc warrior (12 damage)
             ... on level 8 of the Dungeon.
             The game lasted 00:34:26 (11269 turns).

hawla the Tainter (Green Draconian Venom Mage)     Turns: 11269, Time: 00:34:27

Health: -10/62     AC: 10    Str: 10    XL:     9   Next: 41%
Magic:  11/12      EV: 12    Int: 25    God:    Vehumet [......]
Gold:   277        SH:  0    Dex: 12    Spells: 2/12 levels left

rFire    . . .     SeeInvis .   a - +2 quarterstaff (drain)
rCold    . . .     Gourm    .   (shield currently unavailable)
rNeg     . . .     Faith    .   (armour unavailable)
rPois    +         Spirit   .   (helmet restricted)
rElec    .         Reflect  .   (no cloak)
rCorr    .         Harm     .   (no gloves)
MR       .....                  q - +2 pair of boots
Stlth    ++........             (no amulet)
HPRegen  0.20/turn              c - +6 ring of intelligence
MPRegen  0.13/turn              (no ring)

@: no status effects
A: breathe noxious fumes, unfitting armour, poison resistance, cold-blooded, AC
+7
a: Breathe Noxious Fumes, Renounce Religion


You were on level 8 of the Dungeon.
You worshipped Vehumet.
Vehumet was noncommittal.
You were not hungry.

You visited 2 branches of the dungeon, and saw 9 of its levels.

You collected 445 gold pieces.
You spent 168 gold pieces at shops.

Inventory:

Hand Weapons
 a - a +2 quarterstaff of draining (weapon)
Missiles
 f - 47 poisoned darts
 k - 5 boomerangs (quivered)
 t - 2 throwing nets
Armour
 q - a +2 pair of boots (worn)
Jewellery
 c - a +6 ring of intelligence (left hand)
 u - an uncursed amulet of faith {unknown}
Wands
 g - a wand of flame (12)
 i - a wand of random effects (10)
 m - a wand of paralysis (19)
Scrolls
 l - 3 scrolls of teleportation
 p - 2 scrolls of identify
 s - 2 scrolls of amnesia
 w - a scroll of magic mapping {unknown}
 x - a scroll of enchant weapon {unknown}
 y - a scroll of remove curse
Potions
 d - 2 potions of resistance
 e - a potion of magic
 h - a potion of brilliance
 j - a potion of degeneration {unknown}
 n - 2 potions of stabbing
 o - a potion of flight
 r - 2 potions of berserk rage
Comestibles
 b - 18 rations
 v - 5 chunks of flesh


   Skills:
 - Level 1.7 Dodging
 - Level 1.7 Stealth
 - Level 2.3 Spellcasting
 + Level 7.0 Transmutations
 + Level 4.5 Fire Magic
 + Level 6.7 Air Magic
 + Level 9.1 Poison Magic


You had 2 spell levels left.
You knew the following spells:

 Your Spells              Type           Power        Failure   Level  Hunger
a - Sting                 Tmut/Pois      ####         1%          1    None
b - Poisonous Vapours     Pois/Air       #####.       1%          2    ##.....
c - Olgreb's Toxic Radia  Pois           #####...     2%          4    ####...
d - Ignite Poison         Fire/Tmut/Pois #####...     1%          3    ###....

Your spell library contained the following spells:

 Spells                   Type           Power        Failure   Level  Hunger
 Mephitic Cloud           Conj/Pois/Air  ####....     3%          3    ###....


Dungeon Overview and Level Annotations

Branches:
Dungeon (8/15)             Temple (1/1) D:7
   Lair: D:8-11

Altars:
Ashenzari
Cheibriados
Dithmenos
Elyvilon
Gozag
Hepliaklqana
Kikubaaqudgha
Nemelex Xobeh
Okawaru
Qazlal
Ru
Sif Muna
Trog
Uskayaw
Vehumet
Wu Jian
Xom
Yredelemnul
Zin
The Shining One
Beogh

Shops:
D:4 (   D:6 %[:

Annotations:
D:6 3 runed translucent doors, Theorange11's ghost, novice GrGl


Innate Abilities, Weirdness & Mutations

You can breathe blasts of noxious fumes.
Your lurid green scales are hard. (AC +7)
You cannot fit into any form of body armour.
Your system is resistant to poisons. (rPois)
You are cold-blooded and may be slowed by cold attacks.


Message History

The orc warrior is heavily wounded.
The orc warrior hits you with a +0 mace!
You are too injured to fight recklessly!
You are too injured to fight recklessly!
Casting: Poisonous Vapours (safe; 1% risk of failure)
Confirm with . or Enter, or press ? or * to list all spells.
Aiming: Sting (safe; 1% risk of failure)
Press: ? - help, Shift-Dir - straight line, f/p - orc warrior
Aim: an orc warrior, wielding a +0 mace, wearing a +0 plate armour and quivering 27 stones (heavily wounded)
The sting hits the orc warrior.
The orc warrior is poisoned.
The orc warrior is severely wounded.
The orc warrior misses you.
The orc warrior throws a stone.
The stone hits you!
* * * LOW HITPOINT WARNING * * *
You see here a stone.
The orc warrior throws a stone.
The stone hits you!
* * * LOW HITPOINT WARNING * * *
You see here 2 stones.
The orc warrior throws a stone.
The stone hits you!
You die...

#.......# #.####..#
........#######
#.##.##.......#
..##.##..###..#
#........###..#### ##
.....##..#........ .#
#.#####..#.#...#####.##.###
..# #.......(.@((.o.....#
.## #.......(#####.##.#.#
.# ####.###.#####.# .# #.#
#.......# .# ## #.#
######### .####.# #.#
....... #.# ....... #.#
....... ..#


You could see an orc warrior (poisoned).

Vanquished Creatures
  Grinder (D:4)
  An eye of draining (D:8)
  3 ice beasts
  A sky beast (D:6)
  2 ogres
  3 centaurs
  A phantom (D:7)
  A big kobold (D:6)
  6 bullfrogs
  2 scorpions
  3 wights (D:7)
  A howler monkey (D:5)
  A crimson imp (D:6)
  A centaur skeleton (D:5)
  A hound (D:5)
  An orc priest (D:4)
  7 orc wizards
  A bullfrog skeleton (D:6)
  2 iguanas
  5 worker ants
  2 hound zombies (D:5)
  4 gnolls (D:3)
  A howler monkey skeleton (D:5)
  13 adders
  3 shadow imps (D:7)
  An ooze (D:1)
  An adder zombie (D:6)
  4 worms
  5 dart slugs
  7 leopard geckos
  22 orcs
  9 bats
  10 giant cockroaches
  5 goblins
  7 hobgoblins
  5 jackals
  6 quokkas
  6 ball pythons
  8 frilled lizards
  A giant cockroach zombie (D:3)
  3 jackal zombies
  12 kobolds
  A leopard gecko skeleton (D:5)
  16 rats
196 creatures vanquished.

Notes
Turn   | Place    | Note
-------+----------+-------------------------------------------
     0 | D:1      | hawla the Draconian Venom Mage began the quest for the Orb.
     0 | D:1      | Reached XP level 1. HP: 14/14 MP: 3/3
   196 | D:1      | Found an iron altar of Okawaru.
   237 | D:1      | Reached XP level 2. HP: 20/20 MP: 3/5
   241 | D:1      | Learned a level 2 spell: Poisonous Vapours
   971 | D:1      | Reached XP level 3. HP: 25/26 MP: 0/6
  1031 | D:1      | Reached skill level 1 in Air Magic
  2004 | D:2      | Reached XP level 4. HP: 33/33 MP: 4/7
  3099 | D:3      | Reached skill level 4 in Poison Magic
  3192 | D:2      | Learned a level 4 spell: Olgreb's Toxic Radiance
  3347 | D:3      | Reached XP level 5. HP: 38/38 MP: 1/8
  4543 | D:4      | Reached XP level 6. HP: 45/45 MP: 1/9
  4947 | D:4      | Found a bloodstained altar of Trog.
  4954 | D:4      | Reached skill level 5 in Poison Magic
  5288 | D:4      | Found Lamuts's Antique Weapon Emporium.
  5573 | D:4      | Noticed Grinder
  5579 | D:4      | Paralysed by Grinder for 6 turns
  5586 | D:4      | Paralysed by Grinder for 7 turns
  5597 | D:4      | Killed Grinder
  5597 | D:4      | Your scales start taking on a lurid green colour.
  5597 | D:4      | Reached skill level 6 in Poison Magic
  5597 | D:4      | Reached XP level 7. HP: 11/50 MP: 1/10
  5597 | D:4      | Gained mutation: Your system is resistant to poisons.
                  | (rPois) [Green Draconian growth]
  5970 | D:4      | Bought a glowing quarterstaff for 168 gold pieces
  6008 | D:5      | Entered Level 5 of the Dungeon
  6560 | D:5      | Reached skill level 5 in Transmutations
  6560 | D:5      | Reached skill level 7 in Poison Magic
  6567 | D:5      | Learned a level 3 spell: Ignite Poison
  6791 | D:5      | Reached skill level 1 in Fire Magic
  6791 | D:5      | Reached XP level 8. HP: 23/57 MP: 11/11
  7097 | D:5      | Reached skill level 5 in Air Magic
  7693 | D:6      | Found a sacrificial altar of Ru.
  7753 | D:6      | Found Toasuteod's Book Shop.
  8061 | D:6      | Found Opeicw's Food Emporium.
  8130 | D:6      | Found a runed translucent gate.
  8177 | D:6      | Found a runed translucent gate.
  8177 | D:6      | Found a runed translucent gate.
  8177 | D:6      | Noticed Theorange11's ghost (novice GrGl)
  8178 | D:6      | Identified the +10 trident of the Tusks {freeze, rC+ rN+}
  8178 | D:6      | Identified the +8 plate armour "Odiet" {rPois}
  8180 | D:6      | Found a roughly hewn altar of Beogh.
  8273 | D:6      | Found Hakene Vevai's Antique Armour Boutique.
  8278 | D:6      | Reached skill level 8 in Poison Magic
  8772 | D:6      | Found an iron altar of Okawaru.
  8772 | D:6      | Found a bloodstained altar of Trog.
  9291 | D:7      | Found a staircase to the Ecumenical Temple.
  9293 | D:7      | Found a faded altar of an unknown god.
  9306 | Temple   | Entered the Ecumenical Temple
  9471 | Temple   | Became a worshipper of Vehumet
  9663 | D:7      | Reached XP level 9. HP: 62/62 MP: 8/12
 10289 | D:7      | Found a white marble altar of Elyvilon.
 10848 | D:8      | Reached skill level 9 in Poison Magic
 11268 | D:8      | HP: 2/62 [orc warrior/stone (12)]
 11269 | D:8      | Hit by a stone thrown by an orc warrior

Illustrated notes

Levels and vault maps discovered:
D:1:      lightli_arrival_quake, layout_loops_ring, nrook_mini_vaults,
          okawaru_ov_weapons_minmay
D:2:      minmay_skewed_foursquare, layout_basic, first_ration,
          minmay_statues_item, chequers_serial_rivers_micro_e
D:3:      layout_rooms
D:4:      layout_basic, serial_shops, shop, minmay_ruined_shrine, uniq_grinder
D:5:      layout_loops_ring, portal_sewer_entry_c
D:6:      layout_rooms, grunt_temple_overflow_bloody_war,
          nicolae_ru_great_annihilating_truth, biasface_ghost_orc_armoury,
          serial_shops, shop, shop, nicolae_shop_trees, lexackson_kobold_supper
D:7:      layout_rooms, lemuel_doored_altar, nicolae_temple_entry_ecumenical,
          grunt_ogre_cave, minmay_misc_feat_cross
D:8:      layout_loops_cross
Temple:   eino_temple_rhombus

Skill      XL: |  1  2  3  4  5  6  7  8  9 |
---------------+----------------------------+-----
Air Magic      | 1 2 3 4 6 |  6.7
Transmutations | 2 3 4 5 6 7 |  7.0
Poison Magic   | 4 6 7 8 9 |  9.1
Fire Magic     | 1 3 4 |  4.5
Dodging        | |  1.7
Stealth        | |  1.7
Spellcasting   | |  2.3

Action                   |  1- 3 |  4- 6 |  7- 9 || total
-------------------------+-------+-------+-------++-------
Melee: Unarmed           |     2 |       |       ||     2
       Quarterstaff      |     7 |    41 |   153 ||   201
       Tailslap          |     1 |     7 |    14 ||    22
Throw: Boomerang         |       |       |    12 ||    12
 Cast: Sting             |    41 |    46 |    33 ||   120
       Poisonous Vapours |    27 |    71 |    59 ||   157
       Olgreb's Toxic Ra |       |     3 |    11 ||    14
       Ignite Poison     |       |       |    15 ||    15
 Abil: Breathe Noxious F |       |       |     9 ||     9
  Use: Scroll            |     2 |     8 |     7 ||    17
       Potion            |       |     4 |     2 ||     6
  Eat: Chunk             |     6 |    15 |    19 ||    40
       Ration            |       |       |     2 ||     2
Armor: Skin              |    14 |    26 |    62 ||   102
Dodge: Dodged            |    25 |    41 |   146 ||   212
